 Dungeon Crawl Stone Soup version 0.29.1-13-g9f3cf754e1 (webtiles) character file.

Game seed: 1769621182383518425

63 hawla the Chiller (level 4, -3/33 HPs)
             Began as a Meteoran Ice Elementalist on Feb 9, 2023.
             Was an Initiate of Vehumet.
             Slain by a gnoll
             ... wielding a +0 halberd
             ... led by a gnoll bouda
              (4 damage)
             ... on level 5 of the Dungeon.
             The game lasted 00:04:34 (708 turns).

hawla the Chiller (Meteoran Ice Elementalist)        Turns: 708, Time: 00:04:35

Health: -3/33      AC:  3    Str: 10    XL:     4   Next: 55%
Magic:  8/10       EV: 12    Int: 18    God:    Vehumet [......]
Gold:   94         SH:  0    Dex: 14    Spells: 2/10 levels left

rFire   + . .      SeeInvis .   (no weapon)
rCold   + . .      Faith    .   (no shield)
rNeg    . . .      Spirit   .   a - +0 robe
rPois   +          Reflect  .   (no helmet)
rElec   +          Harm     .   (no cloak)
rCorr   +          Rampage  .   (no gloves)
Will    .....                   e - +0 pair of boots
Stlth   +.........              (no amulet)
HPRegen 0.11/turn               (no ring)
MPRegen 0.12/turn               (no ring)

@: resistant, weakened, freezing walls, glowing
A: sense surroundings 1, otherworldly, glowing, explore regen
a: Renounce Religion


You were on level 5 of the Dungeon.
You worshipped Vehumet.
Vehumet was noncommittal.
You visited 2 branches of the dungeon, and saw 6 of its levels.

You collected 94 gold pieces.

Inventory:

Armour
 a - a +0 robe (worn)
 e - a +0 pair of boots (worn)
Potions
 c - a potion of flight
 d - a potion of attraction


   Skills:
 - Level 2.7 Dodging
 - Level 1.4 Stealth
 - Level 3.7 Spellcasting
 + Level 1.8 Conjurations
 - Level 5.0 Ice Magic


You had 2 spell levels left.
You knew the following spells:

 Your Spells              Type           Power      Damage    Failure   Level
a - Freeze                Ice            84%        1d10      1%          1
b - Frozen Ramparts       Ice            42%        1d7       5%          3
c - Hailstorm             Conj/Ice       15%        3d5       36%         4

Your spell library contained the following spells:

 Spells                   Type           Power      Damage    Failure   Level
 Ozocubu's Armour         Ice            21%        N/A       5%          3


Dungeon Overview and Level Annotations

Branches:
Dungeon (5/15) Zot: 2359   Temple (1/1) D:4 Zot: 532

Altars:
Ashenzari
Nemelex Xobeh
Sif Muna
Vehumet
Xom
Zin
The Shining One


Innate Abilities, Weirdness & Mutations

You passively map a small area around you.
You are easily found by Zot.
You glow in the dark.
You regain HP and MP as you explore.


Message History

Casting: Frozen Ramparts (dangerous; 5% risk of failure)
Press: ? - help, Dir - look around, f - activate The walls around you are covered in ice.
The wall freezes the gnoll but does no damage.
The gnoll hits you with a +0 club.
* * * LOW HITPOINT WARNING * * *
The wall freezes the gnoll bouda!
The gnoll bouda closely misses you. Magic courses through your body.
A gnoll comes into view. It is wielding a +0 halberd.
The wall freezes the gnoll but does no damage.
The gnoll barely misses you.
The wall freezes the gnoll bouda.
The gnoll bouda gazes fiercely through you!
You feel as though you will be weak longer.
The gnoll bouda misses you.
Casting: Frozen Ramparts (dangerous; 5% risk of failure)
Confirm with . or Enter, or press ? or * to list all spells.
Aiming: Freeze (safe; 1% risk of failure)
Press: ? - help, Shift-Dir - straight line, f - gnoll
Aim: a gnoll, wielding a +0 club You freeze the gnoll.
The gnoll is moderately wounded.
The wall freezes the gnoll.
The gnoll closely misses you.
A gnoll comes into view. It is wielding a +0 halberd.
The wall freezes the gnoll.
The gnoll barely misses you.
The wall freezes the gnoll bouda but does no damage.
The gnoll bouda misses you.
Casting: Freeze (safe; 1% risk of failure)
Confirm with . or Enter, or press ? or * to list all spells.
Aiming: Freeze (safe; 1% risk of failure)
Press: ? - help, Shift-Dir - straight line, f/p - gnoll
Aim: a gnoll, wielding a +0 club (heavily wounded)
You freeze the gnoll!
You kill the gnoll!
Vehumet accepts your kill.
The wall freezes the gnoll bouda!
You kill the gnoll bouda!
Vehumet accepts your kill.
The wall freezes the gnoll. x2
The gnoll hits you from afar with a +0 halberd.
You die...

* , * , *
, , ,* *
* , , ,
,*,
###### ,
* * ,
#.g))#,,,
, ,
*,##@# ,,
#<)# *
#..#, ,,
, #..#
,,,
,#..#,
,,, #..#
, , ...#,
* ...#,*
, * .....
,


You could see a gnoll.

Vanquished Creatures
  A gnoll bouda (D:5)
  3 gnolls (D:5)
  An adder (D:2)
  2 worms (D:2)
  A dart slug (D:1)
  An orc (D:4)
  An endoplasm (D:1)
  2 giant cockroaches
  A goblin (D:2)
  2 hobgoblins
  3 quokkas
  7 ball pythons
  A bat (D:2)
  A frilled lizard (D:3)
  A kobold (D:1)
  A rat (D:2)
29 creatures vanquished.

Notes
Turn   | Place    | Note
-------+----------+-------------------------------------------
     0 | D:1      | hawla the Meteoran Ice Elementalist began the quest for the
                  | Orb.
     0 | D:1      | Reached XP level 1. HP: 14/14 MP: 5/5
    80 | D:1      | Reached XP level 2. HP: 20/20 MP: 4/6
   374 | D:2      | Reached XP level 3. HP: 14/26 MP: 3/8
   378 | D:2      | Learned a level 3 spell: Frozen Ramparts
   429 | D:2      | Reached skill level 5 in Ice Magic
   502 | D:3      | Found a faded altar of an unknown god.
   566 | D:4      | Reached XP level 4. HP: 33/33 MP: 6/10
   579 | D:4      | Learned a level 4 spell: Hailstorm
   602 | D:4      | Found a staircase to the Ecumenical Temple.
   618 | Temple   | Entered the Ecumenical Temple
   663 | Temple   | Became a worshipper of Vehumet
   693 | D:5      | Entered Level 5 of the Dungeon
   698 | D:5      | Reached skill level 1 in Conjurations
   705 | D:5      | HP: 1/33 [gnoll/+0 club (3)]
   708 | D:5      | Slain by a gnoll

Illustrated notes

Levels and vault maps discovered:
D:1:      nagdon_arrival_zigzag_paths, layout_basic
D:2:      layout_basic
D:3:      layout_basic, nicolae_overflow_squiral, serial_co_window_serial,
          co_window_paths_b, co_window_paths_b, co_window_corner_a,
          co_window_paths_a, co_window_paths_a, co_window_broadway_b,
          co_window_broadway_a, co_window_paths_c, co_window_of_opportunity_c,
          co_window_broadway_a, co_window_2corner, glass_columns_a,
          ebering_ecumenical_altar_petrified
D:4:      layout_rooms, minmay_temple_entry_drinking_statues, uniq_menkaure
D:5:      cheibrodos_two_vegetables, layout_basic, kennysheep_small_spiral,
          nrook_uturn
Temple:   bh_familiar_temple

Skill      XL: |  1  2  3  4 |
---------------+-------------+-----
Spellcasting   | 3 |  3.7
Ice Magic      | 5 |  5.0
Conjurations   | 1 |  1.8
Dodging        | |  2.7
Stealth        | |  1.4

Action                   |  1- 3 |  4- 6 || total
-------------------------+-------+-------++-------
Melee: Unarmed           |     9 |       ||     9
 Cast: Freeze            |    30 |     4 ||    34
       Frozen Ramparts   |     5 |     4 ||     9
  Use: Scroll            |     3 |       ||     3
       Potion            |       |     3 ||     3
Armor: Robe              |     7 |       ||     7
Dodge: Dodged            |    23 |    10 ||    33
